cohdb
Replays
Latest Replays
All Replays
Popular Replays
Top Player Replays
Match Explorer
How It Works
Community
CoH3 Stats
Reddit
Sign in to upload your games and track your stats! →
Sign in with Steam
Match 36280296
Unlisted
Match 36280296
Overview
Messages
Build Orders
End
Construct Infanterie Kompanie
Pioneer Squad
MG 42 Machine Gun Team
MG 42 Machine Gun Team
GrW 34 Mortar Team
GrW 34 Mortar Team
Construct Panzergrenadier Kompanie
251 Medium Carrier
251 Medium Carrier
Selects Mechanized Battlegroup
Selects Mechanized Battlegroup
Selects Mobile Repair Stations
Panzergrenadier Officer Quarters
251 Medium Carrier
Pak 40 Anti-tank Gun Team
Construct Panzer Kompanie
Stoßtruppen Squad
Panzer IV Medium Tank
Selects Wespe Self-propelled Artillery
Stoßtruppen Squad
Panzer IV Medium Tank
Selects Mechanized Assault
Mechanized Assault
Selects Raid Package
Selects 8 Rad Armored Car
Selects UNKNOWN (2160084)
Panzer IV Medium Tank
Panzer Officer Quarters
Side Skirts
应如是
HOLD THE LINE
陈和尚
WAVE
N7 SHARK
Tango
Turtleboy
GoonLord
0
0
Comments
sign in to comment!
No comments posted yet!